 Dungeon Sprint DCSS version 0.19.1 (webtiles) character file.

834 equalderp2856 the Gouger (level 7, -32/32 HPs)
             Began as a Felid Fighter on Dec 2, 2016.
             Was a Priest of Hepliaklqana.
             Killed themself with a bounced orb of electricity (33 damage)
             ... in the Dungeon (Sprint IX: "|||||||||||||||||||||||||||||").
             The game lasted 00:04:05 (1060 turns).

equalderp2856 the Gouger (Felid Fighter)            Turns: 1060, Time: 00:04:09

Health: -32/32     AC:  2    Str: 13    XL:     7   Next: 66%
Magic:  8/8        EV: 28    Int:  9    God:    Hepliaklqana [***...]
Gold:   33         SH:  0    Dex: 17    Spells: 0 memorised, 6 levels left
                                        Lives:  0   Deaths: 2

rFire  . . .     SeeInvis +       - Unarmed
rCold  . . .     Gourm    .     (armour unavailable)
rNeg   . . .     Faith    .     (shield unavailable)
rPois  .         Spirit   .     (helmet unavailable)
rElec  .         Reflect  .     (cloak unavailable)
rCorr  .         Harm     .     (gloves unavailable)
MR     +....     NoTele   +     (boots unavailable)
Stlth  +++++.....               (no amulet)
                                (no ring)
                                (no ring)

@: quick
A: no armour, no weapons or thrown items, stealth, reduced essence, claws 1,
fangs 3, see invisible, carnivore 3, speed 1, shaggy fur 2, slow metabolism 1,
sharp paws
a: Ancestor Life: Knight, Ancestor Life: Battlemage, Ancestor Life: Hexer,
Recall Ancestor, Ancestor Identity, Transference, Renounce Religion


You were in the Dungeon.
You worshipped Hepliaklqana.
Hepliaklqana was most pleased with you.
You were not hungry.

You visited 1 branch You collected 33 gold pieces.

Inventory:

Jewellery
 m - a +3 ring of intelligence
 n - a +3 ring of intelligence
 s - an uncursed ring of protection from cold
 t - an uncursed ring of protection from cold
 u - an uncursed ring of protection from cold
 v - an uncursed ring of fire
Wands
 l - a wand of iceblast (7/15)
Scrolls
 h - 3 scrolls of blinking
 j - 4 scrolls of remove curse
 k - 2 scrolls of amnesia
 q - 2 scrolls of fear
 r - a scroll of fog
 x - 4 scrolls of identify
 y - a scroll of recharging
Potions
 a - 3 potions of might
 c - 3 potions of curing
 d - a potion of brilliance
 e - 2 potions of haste
 f - 4 potions of magic
 g - a potion of berserk rage
 i - a potion of invisibility
 o - 2 potions of agility
 w - 2 potions of resistance
Miscellaneous
 p - a disc of storms
Comestibles
 b - a meat ration


   Skills:
 + Level 7.4 Fighting
 + Level 11.9 Dodging
 + Level 9.8 Stealth
 + Level 14.6 Unarmed Combat


You had 6 spell levels left.
You didn't know any spells.

Dungeon Overview and Level Annotations

Branches:
Dungeon (1/1)

Altars:
Cheibriados
Dithmenos
Elyvilon
Fedhas
Gozag
Hepliaklqana
Kikubaaqudgha
Makhleb
Nemelex Xobeh
Okawaru
Qazlal
Ru
Sif Muna
Trog
Uskayaw
Vehumet
Xom
Yredelemnul
Zin
The Shining One
Beogh
Jiyva
Lugonu


Innate Abilities, Weirdness & Mutations

You cannot wear armour.
You are incapable of wielding weapons or throwing items.
Your paws allow you to move quietly. (Stealth)
You have sharp claws.
You have razor-sharp teeth.
You have supernaturally acute eyesight. (SInv)
You are carnivorous and can eat meat at any time.
You cover ground quickly.
You are covered in thick fur. (AC +2)
You have a slow metabolism.
Your sharp claws are effective at attacking unaware monsters.
Your life essence is reduced. (-10% HP)


Message History

The bat skeleton completely misses you.
You mangle the bat skeleton!!
You destroy the bat skeleton!
You closely miss the crimson imp.
An ogre mage comes into view. It is wielding a spear.
You swap places.
Khabaw hits the seven-headed hydra.
Khabaw hits the seven-headed hydra.
The seven-headed hydra bites Khabaw!
The seven-headed hydra barely misses Khabaw.
The seven-headed hydra bites Khabaw!
Khabaw is destroyed!
Evoke which item? (* to show all) (? for menu, Esc to quit)
Nothing appears to happen.
Evoke which item? (* to show all) (? for menu, Esc to quit)
The disc erupts in an explosion of electricity!
The orb of electricity explodes!
The orb of electricity engulfs you!
Ouch! That really hurt!
* * * LOW HITPOINT WARNING * * *
The orb of electricity explodes!
The orb of electricity engulfs you!
Ouch! That really hurt!
You die...

▓▓▓▓▓▓▓▓▓▓▓▓▓▓▓▓▓▓▓▓▓▓▓▓▓▓▓▓
)).[[[[[[[[.....@..D5'99..uO
▓▓▓▓▓▓▓▓▓▓▓▓▓▓▓▓▓▓▓▓▓▓▓▓▓▓▓▓
▓▓▓▓▓▓▓▓


'l...... You could see a seven-headed hydra, 2 gargoyles and a crimson imp.

Vanquished Creatures
  A centaur warrior (D)
  A spiny frog (D)
  A wraith (D)
  A mottled dragon (D)
  An orc warrior (D)
  An ogre (D)
  2 crocodiles (D)
  A bullfrog (D)
  A crimson imp (D)
  A jelly (D)
  An iguana (D)
  A worker ant (D)
  An orc (D)
  A ball python (D)
  3 bat skeletons (D)
  A bat zombie (D)
  2 goblins (D)
  A hobgoblin (D)
  3 jackals (D)
  A bat (D)
  A leopard gecko skeleton (D)
27 creatures vanquished.

Vanquished Creatures (others)
  5 ancestors (D)
5 creatures vanquished.

Grand Total: 32 creatures vanquished

Notes
Turn   | Place    | Note
-------+----------+-------------------------------------------
     0 | D        | equalderp2856 the Felid Fighter began the quest for the Orb.
     0 | D        | Reached XP level 1. HP: 10/10 MP: 2/2
    19 | D        | Noticed a crimson imp
    19 | D        | Noticed a worker ant
    21 | D        | Killed a crimson imp
    21 | D        | Reached skill level 5 in Dodging
    21 | D        | Reached skill level 6 in Unarmed Combat
    21 | D        | Reached XP level 2. HP: 15/15 MP: 3/3
    21 | D        | Reached XP level 3. HP: 18/18 MP: 4/4
    34 | D        | Reached skill level 1 in Stealth
    34 | D        | Reached skill level 7 in Unarmed Combat
    37 | D        | Reached XP level 4. HP: 22/22 MP: 5/5
   144 | D        | Found a roughly hewn altar of Beogh.
   144 | D        | Found a snail-covered altar of Cheibriados.
   144 | D        | Found a shadowy altar of Dithmenos.
   144 | D        | Found a white marble altar of Elyvilon.
   144 | D        | Found a blossoming altar of Fedhas.
   144 | D        | Found an opulent altar of Gozag.
   145 | D        | Found a hazy altar of Hepliaklqana.
   146 | D        | Found a viscous altar of Jiyva.
   147 | D        | Found an ancient bone altar of Kikubaaqudgha.
   148 | D        | Found a corrupted altar of Lugonu.
   149 | D        | Found a burning altar of Makhleb.
   150 | D        | Found a sparkling altar of Nemelex Xobeh.
   151 | D        | Found an iron altar of Okawaru.
   152 | D        | Found a stormy altar of Qazlal.
   153 | D        | Found a sacrificial altar of Ru.
   154 | D        | Found a deep blue altar of Sif Muna.
   155 | D        | Found a bloodstained altar of Trog.
   156 | D        | Found a hide-covered altar of Uskayaw.
   157 | D        | Found a radiant altar of Vehumet.
   158 | D        | Found a shimmering altar of Xom.
   159 | D        | Found a basalt altar of Yredelemnul.
   160 | D        | Found a glowing silver altar of Zin.
   161 | D        | Found a glowing golden altar of the Shining One.
   215 | D        | Became a worshipper of Hepliaklqana the Forgotten
   249 | D        | Noticed an orc warrior
   249 | D        | Noticed an ogre
   255 | D        | Killed an orc warrior
   255 | D        | Reached skill level 5 in Fighting
   255 | D        | Reached skill level 8 in Unarmed Combat
   255 | D        | Reached XP level 5. HP: 23/23 MP: 6/6
   271 | D        | Reached skill level 9 in Unarmed Combat
   335 | D        | Mangled by an ogre
   336 | D        | Reached XP level 4. HP: -12/20 MP: 5/5
   336 | D        | Reached * piety under Hepliaklqana
   387 | D        | Reached ** piety under Hepliaklqana
   399 | D        | Noticed a centaur warrior
   399 | D        | Noticed a wraith
   399 | D        | Noticed a mottled dragon
   407 | D        | Killed a mottled dragon
   407 | D        | Reached skill level 5 in Stealth
   407 | D        | Reached skill level 10 in Unarmed Combat
   407 | D        | Reached XP level 5. HP: 16/24 MP: 6/6
   424 | D        | Killed a wraith
   424 | D        | Reached skill level 11 in Unarmed Combat
   424 | D        | Gained mutation: You are covered in thick fur. (AC +2) [Felid growth]
   424 | D        | Reached XP level 6. HP: 21/27 MP: 7/7
   434 | D        | HP: 1/27 [centaur warrior (2)]
   436 | D        | Killed a centaur warrior
   436 | D        | Reached skill level 13 in Unarmed Combat
   436 | D        | Reached XP level 7. HP: 2/32 MP: 8/8
   436 | D        | Reached XP level 8. HP: 2/36 MP: 9/9
   960 | D        | Noticed a spiny frog
   960 | D        | Noticed a blink frog
   968 | D        | Reached skill level 14 in Unarmed Combat
   972 | D        | Noticed a komodo dragon
   973 | D        | Killed a spiny frog
  1001 | D        | Slain by a porcupine
  1002 | D        | Reached XP level 7. HP: -2/32 MP: 8/8
  1022 | D        | Reached *** piety under Hepliaklqana
  1050 | D        | Noticed a gargoyle
  1050 | D        | Noticed a seven-headed hydra
  1050 | D        | Noticed a gargoyle
  1050 | D        | Noticed a white ugly thing
  1055 | D        | Noticed an ogre mage
  1060 | D        | HP: 1/32 [bounced beam (31)]
  1060 | D        | Killed themself with a bounced orb of electricity

Skill      XL: |  1  2  3  4  5  6  7  8 |
---------------+-------------------------+-----
Fighting       | 4 6 7 |  7.4
Dodging        | 5 8 9 11 | 11.9
Unarmed Combat | 6 7 10 11 13 14 | 14.6
Stealth        | 1 5 6 8 9 |  9.8

Action                   |  1- 3 |  4- 6 |  7- 9 || total
-------------------------+-------+-------+-------++-------
Melee: Unarmed           |    25 |    37 |    38 ||   100
       Bite              |     1 |     1 |     2 ||     4
       Punch             |       |     4 |     2 ||     6
Evoke: Disc of storms    |       |       |     1 ||     1
  Use: Potion            |       |     6 |       ||     6
 Stab: Sleeping          |     2 |     1 |       ||     3
Armor: Skin              |     1 |     2 |     2 ||     5
Dodge: Dodged            |    22 |    63 |    25 ||   110
